 Dungeon Crawl Stone Soup version 0.17.1-3-g152610e (webtiles) character file.

424 Arkorax the Cudgeler (level 6, 0/50 HPs)
             Began as a Mummy Berserker on Feb 22, 2016.
             Was a Priest of Trog.
             Killed from afar by an orc wizard (6 damage)
             ... with a magic dart
             ... on level 3 of the Dungeon.
             The game lasted 00:08:58 (5355 turns).

Arkorax the Cudgeler (Mummy Berserker)              Turns: 5355, Time: 00:08:58

Health: 0/50       AC:  9    Str: 21    XL:     6   Next: 64%
Magic:  6/6        EV:  8    Int:  8    God:    Trog [***...]
Gold:   158        SH:  0    Dex: 13    Spells: 0 memorised, 5 levels left

rFire  x . .     SeeInvis .     a - +0 mace
rCold  + . .     Clarity  .     f - +0 chain mail
rNeg   + + +     SustAt   .     (no shield)
rPois  ∞         Gourm    .     (no helmet)
rElec  .         Spirit   .     (no cloak)
rCorr  .         Warding  .     o - +0 pair of gloves
rMut   .         Stasis   .     (no boots)
MR     ++...                    (no amulet)
Stlth  ..........               j - ring of wizardry
                                m - +2 ring of intelligence

@: regenerating, very resistant to hostile enchantments, extremely unstealthy
A: no food or potions, fire vulnerability, cold resistance 1, negative energy
resistance 3, torment resistance, unbreathing
a: Trog's Hand, Burn Spellbooks, Renounce Religion


You were on level 3 of the Dungeon.
You worshipped Trog.
Trog was most pleased with you.
You were not hungry.

You visited 1 branch of the dungeon, and saw 5 of its levels.
You also visited: Sewer.

You collected 158 gold pieces.

Inventory:

Hand Weapons
 a - a +0 mace (weapon)
 p - a +0 club of chaos
Armour
 b - a +0 animal skin
 c - a +0 ring mail
 f - a +0 chain mail (worn)
 n - the +1 plate armour of the Beggar {*Confuse rN+ Int+2}
   (You found it on level 4 of the Dungeon)

   It affects your intelligence (+2).
   It protects you from negative energy.
   It may confuse you when you take damage.
 o - a +0 pair of gloves (worn)
Jewellery
 j - a ring of wizardry (right hand)
 m - a +2 ring of intelligence (left hand)
Wands
 r - a wand of frost (17)
Scrolls
 d - 2 scrolls of teleportation {unknown}
 e - a scroll of noise {unknown}
 g - 3 scrolls of identify {unknown}
 h - 4 scrolls of remove curse {unknown}
 i - a scroll of fog {unknown}
 k - a scroll of random uselessness {unknown}
 l - 2 scrolls of blinking {unknown}
 q - a scroll of immolation {unknown}


   Skills:
 + Level 4.9 Fighting
 * Level 5.3 Maces & Flails
 - Level 1.5 Armour
 - Level 1.5 Dodging


You had 5 spell levels left.
You didn't know any spells.

Dungeon Overview and Level Annotations

Branches:
Dungeon (5/15)
 Temple: D:4-7

Altars:
Ashenzari
Makhleb
Nemelex Xobeh
Xom

Annotations:
D:3 1 exclusion


Innate Abilities, Weirdness & Mutations

You do not eat or drink.
Your flesh is vulnerable to fire.
You are immune to poison.
Your flesh is cold resistant.
You are immune to negative energy.
You are immune to unholy pain and torment.
You can survive without breathing.


Message History

The magic dart hits you!
* * * LOW HITPOINT WARNING * * *
You hit the orc wizard but do no damage.
The orc wizard hits you but does no damage.
You closely miss the orc wizard.
Your skin stops crawling.
You feel less resistant to hostile enchantments.
The orc wizard hits you but does no damage.
You hit the orc wizard.
The orc wizard is moderately wounded.
The orc wizard hits you but does no damage.
Your skin crawls.
You feel resistant to hostile enchantments.
The orc wizard casts a spell at you. You resist with almost no effort.
You hit the orc wizard.
The orc wizard is moderately wounded.
The orc wizard points at you and mumbles some strange words.
The magic dart hits you!
You die...

# ≈ #...#..........#.# g#.
#...#..........#.#######
##.###...#..........#.#.....# #
##....#..........#.#.###.#
##..._.#..........#.#.#.#.#
###......#..........#.#.#.#.#
.........#..........#.#.#.#.#
.....##.............#.#.#.#.#
....##.........o@.........#.#
....##....................#.#
....##........>...........#.#
....##.....###........#####.#
....##......##..............#
............##........###########
.............#...................
......##.....<.......############
...................#.#


You could see an orc wizard.

Vanquished Creatures
  A giant frog (D:4)
  A crimson imp (D:4)
  An orc priest (D:4)
  An iguana (D:4)
  Natasha (thrice) (D:3)
  2 worker ants
  A hound skeleton (D:4)
  3 gnolls
  4 adders
  A white imp (D:4)
  An adder skeleton (D:4)
  2 worms
  7 orcs
  10 bats
  5 giant cockroaches
  12 hobgoblins
  2 jackals (D:4)
  10 kobolds
  4 quokkas
  5 ball pythons
  5 giant geckos
  A giant gecko skeleton (D:4)
  A giant gecko zombie (D:3)
  5 giant newts
  10 goblins
  A quokka skeleton (D:4)
  5 rats
104 creatures vanquished.

Notes
Turn   | Place    | Note
--------------------------------------------------------------
     0 | D:1      | Arkorax the Mummy Berserker began the quest for the Orb.
     0 | D:1      | Reached XP level 1. HP: 18/18 MP: 1/1
   255 | D:1      | Reached XP level 2. HP: 9/24 MP: 2/2
   684 | D:1      | Reached ** piety under Trog
   985 | D:2      | Reached XP level 3. HP: 22/29 MP: 3/3
  1634 | D:2      | Found a burning altar of Makhleb.
  2006 | D:3      | Reached XP level 4. HP: 35/37 MP: 4/4
  2012 | D:3      | Noticed Natasha
  2018 | D:3      | Killed Natasha
  2165 | D:3      | Found a shattered altar of Ashenzari.
  2351 | D:3      | Found a glowing drain.
  2370 | D:3      | Reached *** piety under Trog
  2377 | Sewer    | Entered a sewer
  2458 | D:3      | Reached skill level 4 in Maces & Flails
  2549 | D:3      | Found a sparkling altar of Nemelex Xobeh.
  2573 | D:3      | Noticed Natasha
  2584 | D:3      | Killed Natasha
  2610 | D:3      | Reached XP level 5. HP: 42/42 MP: 5/5
  2621 | D:3      | Found a shimmering altar of Xom.
  2687 | D:3      | Noticed Natasha
  2694 | D:3      | Killed Natasha
  2999 | D:4      | Got a ruby-encrusted plate armour
  3010 | D:4      | Identified the +1 plate armour of the Beggar {*Confuse rN+ Int+2} (You found it on level 4 of the Dungeon)
  3940 | D:5      | Entered Level 5 of the Dungeon
  3975 | D:4      | Reached XP level 6. HP: 25/49 MP: 6/6
  4145 | D:5      | Reached skill level 5 in Maces & Flails
  4389 | D:5      | Noticed an ogre
  5338 | D:4      | HP: 2/50 [fell downstairs (1)]
  5344 | D:3      | HP: 2/50 [orc wizard/puff of flame (3)]
  5350 | D:3      | HP: 2/50 [orc wizard/magic dart (6)]
  5355 | D:3      | Killed from afar by an orc wizard

Action                   |  1- 3 |  4- 6 || total
-------------------------+-------+-------++-------
Melee: Mace              |   170 |   376 ||   546
Invok: Trog's Hand       |       |     4 ||     4
Evoke: Wand              |       |     3 ||     3
 Stab: Invisible         |       |     1 ||     1
